[Event "EICC 2025"]
[Site "Eforie-Nord"]
[Date "2025.03.16"]
[Round "2.11"]
[White "Baum, Jonasz"]
[Black "Martirosyan, Haik M."]
[Result "1/2-1/2"]
[Annotator "TA"]
[ECO "A29"]
[WhiteElo "2469"]
[BlackElo "2652"]
[PlyCount "52"]
[EventDate "2025.03.14"]
[EventType "swiss"]
[EventCountry "ROU"]
[SourceTitle "playchess.com"]
[Source "ChessBase"]
[SourceQuality "1"]
[TimeControl "40/5400+30:1800+30"]

1. c4 e5 2. Nc3 Nf6 3. Nf3 Nc6 4. g3 d5 5. cxd5 Nxd5 6. Bg2 Nb6 7. O-O Be7 8. b3 O-O 9. Bb2 Bf5 {[%emt 0:01:04] A29: English Opening: Four Knights Variation with 4 g3.} 10. d3 f6 11. Qc1 Qd7 $146 (11... Qc8 12. Rd1 Rd8 13. Nh4 Bh3 14. Bxc6 bxc6 15. Nf3 a5 16. Ne4 Qe6 17. Ba3 Nd5 18. Bxe7 Nxe7 {0-1 Claridge Hansen,W (2345)-Kosteniuk,A (2521) Titled Tuesday intern op 09th Aug Late blitz 2022 (5)}) 12. Ba3 Bd6 13. Rd1 Bg4 ({Better is} 13... Rad8 $11) 14. d4 $1 $14 Qe7 15. Bxd6 cxd6 16. Qe3 Qf7 17. Nb5 d5 18. dxe5 fxe5 19. Ng5 d4 20. Nxf7 dxe3 21. f3 $1 Bxf3 22. Bxf3 Rxf7 23. Bxc6 bxc6 24. Nc3 a5 25. Rd3 a4 26. Nxa4 Nxa4 {[%emt 0:01:03] Weighted Error Value: White=0.07 (flawless) /Black=0.13 (very precise)   Mistake:       	---       	Black=1      Inaccurate:     	White=3     	Black=2      OK:         	White=6     	Black=7      Best:        	White=1     	---        Strong:       	White=2     	---} 1/2-1/2

[Event "EICC 2025"]
[Site "Eforie-Nord"]
[Date "2025.03.16"]
[Round "2.11"]
[White "Salimova, Nurgyul"]
[Black "Petkov, Momchil"]
[Result "0-1"]
[Annotator "ChessBase"]
[ECO "E01"]
[WhiteElo "2404"]
[BlackElo "2547"]
[PlyCount "84"]
[EventDate "2025.03.14"]
[EventType "swiss"]
[EventCountry "ROU"]
[SourceTitle "playchess.com"]
[Source "ChessBase"]
[SourceQuality "1"]
[TimeControl "40/5400+30:1800+30"]

1. d4 Nf6 2. Nf3 e6 3. c4 c5 4. g3 cxd4 5. Nxd4 d5 6. Bg2 e5 7. Nf3 d4 8. O-O Nc6 9. e3 Be7 10. exd4 exd4 11. Bf4 O-O 12. Ne5 a5 13. Na3 Ra6 14. Nb5 g5 15. Bxc6 bxc6 16. Bxg5 cxb5 17. cxb5 Re6 18. Nc6 Rxc6 19. bxc6 Qd5 20. Re1 Bh3 21. f3 Qxg5 22. Rxe7 Qc5 23. Re2 Qg5 24. Re7 Qc5 25. Re2 d3+ 26. Rf2 Qd4 27. Qd2 Re8 28. Re1 Rxe1+ 29. Qxe1 Nd5 30. Qxa5 h6 31. Qd2 Qc5 32. c7 Kg7 33. Qe1 Qxc7 34. Rd2 Qc5+ 35. Kh1 Nb4 36. g4 Nc2 37. Qg1 Ne3 38. Qe1 Qc6 39. Qxe3 Qc1+ 40. Qg1 Qxd2 41. Qd4+ Kg8 42. Qd8+ Kh7 0-1

[Event "EICC 2025"]
[Site "Eforie-Nord"]
[Date "2025.03.16"]
[Round "2.12"]
[White "Saric, Ivan"]
[Black "Stoyanov, Tsvetan"]
[Result "1-0"]
[Annotator "TA"]
[ECO "C47"]
[WhiteElo "2652"]
[BlackElo "2469"]
[PlyCount "85"]
[EventDate "2025.03.14"]
[EventType "swiss"]
[EventCountry "ROU"]
[SourceTitle "playchess.com"]
[Source "ChessBase"]
[SourceQuality "1"]
[TimeControl "40/5400+30:1800+30"]

1. e4 e5 2. Nf3 Nf6 3. Nc3 Nc6 4. h3 Bb4 5. Bd3 O-O 6. O-O {[%emt 0:00:05] C47: Scotch Four Knights and Four Knights with 4 g3.} d6 7. Ne2 Bc5 8. Ng3 {[%emt 0:02:06] The position is equal.} Ne7 $146 (8... Be6 9. c3 d5 10. Ng5 a5 11. Bb5 Nxe4 12. N3xe4 dxe4 13. Nxe6 fxe6 14. Qe2 Qh4 15. d3 exd3 16. Bxd3 Rxf2 17. Rxf2 Qg3 18. Bxh7+ Kxh7 {½-½ Galperin,P (2528)-Aryan,C (2617) Sharjah Masters 6th 2023 (1)}) 9. c3 Ng6 10. Bc2 c6 11. d4 Bb6 12. Re1 Re8 13. Be3 h6 14. Qd2 Be6 15. a4 a5 16. Rad1 Qc7 17. Nf5 d5 (17... Kh7 $16) 18. exd5 $2 (18. Nxg7 $1 $18 Kxg7 19. exd5 cxd5 (19... Bxd5 20. Bxh6+ Kh8 21. Nxe5 $18) 20. Bxh6+ Kg8 21. Nxe5 (21. dxe5 Ne4 $11)) 18... Bxf5 $1 $14 19. Bxf5 e4 {[%emt 0:01:33] White now steadily converts the win.} (19... exd4 $1 $14 20. Nxd4 (20. Bxd4 Bxd4 21. Nxd4 cxd5 $16) 20... Nxd5) 20. Bxg6 $16 exf3 21. Bf4 Rxe1+ 22. Rxe1 Qc8 (22... Qd7 $16) 23. Bc2 $18 {[%emt 0:01:11] A strong pair of Bishops.} fxg2 24. Kxg2 (24. Qd3 cxd5 25. Kxg2 Qc6 $14) 24... Nxd5 {[%emt 0:07:08] [#]} 25. Bxh6 $1 Bc7 {[%emt 0:00:55] [#]} (25... gxh6 $2 {loses.} 26. Qxh6 f5 27. Kh1 $18) (25... Qd8 $142) 26. Qd3 $1 f5 (26... g6 27. Qf3) 27. Bd2 g6 28. Bb3 $40 {[%emt 0:01:39][%mdl 128] Black is in trouble.} Qd7 29. Qf3 Rf8 30. Bg5 Rf7 31. h4 Kg7 32. h5 Qd6 33. Rh1 {[%emt 0:00:25] Repels Qh2+} ({Less strong is} 33. Re5 gxh5 34. Rxf5 (34. Bxd5 cxd5 35. Rxf5 Qg6 $16) 34... Rxf5 35. Qxf5 Qg6 $18) 33... Rf8 34. Bxd5 Qxd5 35. h6+ Kf7 $2 (35... Kh7 36. Qxd5 cxd5) 36. Qxd5+ cxd5 {[%emt 0:00:01][%mdl 4096] Endgame KRB-KRB. White is a pawn up.} 37. Kf3 {[%emt 0:01:10] Threatens to win with h7.} Re8 $2 (37... Kg8 38. Re1 Rf7 39. Re8+ Kh7) 38. h7 {[%emt 0:00:31][%cal Oh1e1] White threatens Re1! and mate. White is clearly winning.} Rh8 39. Bf4 Bd8 40. Be5 Bf6 41. Kf4 Ke6 42. Bxf6 Kxf6 43. Rh6 {[%emt 0:00:12] Weighted Error Value: White=0.15 (very precise) /Black=0.70  Mistake:       	White=1     	Black=5      Inaccurate:     	White=1     	Black=3      OK:         	White=18    	Black=7      Best:        	White=1     	Black=1      Strong:       	White=2     	Black=1} 1-0

[Event "EICC 2025"]
[Site "Eforie-Nord"]
[Date "2025.03.16"]
[Round "2.12"]
[White "Lazov, Toni"]
[Black "Sokolovsky, Yahli"]
[Result "1/2-1/2"]
[Annotator "ChessBase"]
[ECO "B21"]
[WhiteElo "2400"]
[BlackElo "2545"]
[PlyCount "81"]
[EventDate "2025.03.14"]
[EventType "swiss"]
[EventCountry "ROU"]
[SourceTitle "playchess.com"]
[Source "ChessBase"]
[SourceQuality "1"]
[TimeControl "40/5400+30:1800+30"]

1. e4 c5 2. Be2 Nc6 3. f4 d5 4. d3 e6 5. Nf3 Bd6 6. e5 Bc7 7. c3 Nge7 8. d4 cxd4 9. cxd4 Nf5 10. Na3 Ba5+ 11. Kf1 O-O 12. Nc2 f6 13. g4 Nfe7 14. Kg2 Ng6 15. Kg3 fxe5 16. fxe5 Bc7 17. h4 Qf6 18. Bg5 Qf7 19. Rf1 Nf4 20. Ng1 Nxe2+ 21. Qxe2 Qe8 22. Rxf8+ Qxf8 23. h5 Bd7 24. Rf1 Qe8 25. Nf3 Nd8 26. Rc1 Rc8 27. Nce1 Bb5 28. Qd2 Nf7 29. Be3 Bb6 30. Rxc8 Qxc8 31. Qb4 Qd7 32. b3 a5 33. Qd2 Bd8 34. Ng2 Qe7 35. Nf4 Bd7 36. Qc1 Bb6 37. Bd2 Nd8 38. Nh3 Nc6 39. Bc3 Na7 40. a4 Nc6 41. Qg5 1/2-1/2

[Event "EICC 2025"]
[Site "Eforie-Nord"]
[Date "2025.03.16"]
[Round "2.13"]
[White "Dudin, Gleb"]
[Black "Ahmad, Khagan"]
[Result "1-0"]
[Annotator "ChessBase"]
[ECO "D38"]
[WhiteElo "2544"]
[BlackElo "2391"]
[PlyCount "163"]
[EventDate "2025.03.14"]
[EventType "swiss"]
[EventCountry "ROU"]
[SourceTitle "playchess.com"]
[Source "ChessBase"]
[SourceQuality "1"]
[TimeControl "40/5400+30:1800+30"]

1. d4 Nf6 2. c4 e6 3. Nf3 d5 4. Nc3 Bb4 5. cxd5 exd5 6. Bf4 O-O 7. e3 c5 8. Bd3 c4 9. Bb1 Qa5 10. Qc1 Bg4 11. Ne5 Bh5 12. a3 Bg6 13. O-O Bxc3 14. Nxg6 hxg6 15. bxc3 Nc6 16. f3 Rfe8 17. Ra2 b5 18. g4 Qb6 19. h4 a5 20. Rh2 b4 21. h5 gxh5 22. gxh5 bxc3 23. Kh1 Kh8 24. Rg1 Nxd4 25. exd4 Qxd4 26. Bh6 Rg8 27. Qg5 Nh7 28. Qf5 Nf8 29. Bg5 Ra6 30. Bc2 f6 31. Bf4 Re6 32. Rhg2 Qc5 33. a4 Qc6 34. Rd1 d4 35. Rxd4 Qxf3 36. Bd6 Re1+ 37. Kh2 Qxf5 38. Bxf5 Ne6 39. Rxc4 Rd8 40. Bg3 Re3 41. Bf2 Re5 42. Bg6 Kg8 43. Rxc3 Nf4 44. Bb6 Rf8 45. Bc7 Nxg6 46. hxg6 Re4 47. Ra2 Ra8 48. Kg3 f5 49. Kf3 Re6 50. Rc5 Rxg6 51. Rxa5 Rxa5 52. Bxa5 Ra6 53. Bd2 Kf7 54. a5 Ke6 55. Kf4 Kd7 56. Be3 Kc7 57. Bb6+ Kb7 58. Kxf5 Ra8 59. Ke6 Ka6 60. Rg2 g5 61. Rxg5 Rc8 62. Rg7 Rc6+ 63. Kd5 Rc2 64. Ra7+ Kb5 65. Ra8 Rh2 66. Be3 Rh3 67. Ke4 Rh4+ 68. Kd3 Ra4 69. Bd2 Ra3+ 70. Bc3 Ra4 71. Rb8+ Ka6 72. Rb6+ Ka7 73. Bb4 Ra2 74. Kc4 Rg2 75. Kb5 Rg5+ 76. Bc5 Ka8 77. Rh6 Rg8 78. Ka6 Rc8 79. Bb6 Re8 80. Rh7 Rc8 81. Ra7+ Kb8 82. Rb7+ 1-0

[Event "EICC 2025"]
[Site "Eforie-Nord"]
[Date "2025.03.16"]
[Round "2.13"]
[White "Olsen, Filip Boe"]
[Black "Kollars, Dmitrij"]
[Result "1/2-1/2"]
[Annotator "TA"]
[ECO "E05"]
[WhiteElo "2468"]
[BlackElo "2649"]
[PlyCount "69"]
[EventDate "2025.03.14"]
[EventType "swiss"]
[EventCountry "ROU"]
[SourceTitle "playchess.com"]
[Source "ChessBase"]
[SourceQuality "1"]
[TimeControl "40/5400+30:1800+30"]

1. d4 Nf6 2. c4 e6 3. Nf3 d5 4. g3 Be7 5. Bg2 O-O 6. O-O dxc4 7. Qc2 a6 8. a4 Bd7 9. Rd1 Bc6 10. Nc3 Bxf3 11. Bxf3 Nc6 12. Bxc6 bxc6 13. a5 Nd5 $1 {[%emt 0:06:12][%mdl 4] is currently scoring better than 13...Rb8. E05: Open Catalan: 5 Nf3 Be7.} 14. Na2 Qb8 15. Qxc4 Qb5 {[%emt 0:00:48] White is slightly better.} 16. Qxb5 cxb5 17. e4 Nb4 18. Nxb4 Bxb4 19. Be3 $146 (19. Bd2 Bxd2 20. Rxd2 Rfd8 21. b4 Rd6 22. Rc1 Rad8 23. Rxc7 g6 24. d5 exd5 25. e5 {½-½ Sturua,Z (2529)-Davtyan,A (2454) Yerevan Margaryan Memorial GM 2022 (5)}) 19... f5 20. Rdc1 fxe4 21. Rxc7 Rf7 (21... Rfc8 $11 22. Rac1 Rd8 (22... Rxc7 23. Rxc7 Kf8 24. Bf4 $14)) 22. Rc6 $16 Re7 23. Bf4 Kf7 24. Bd6 {[%emt 0:05:05] White is more active.} Bxd6 25. Rxd6 $14 {[%emt 0:00:02][%mdl 4096] Endgame KRR-KRR} Raa7 26. Re1 ({Better is} 26. Rc1 $14) 26... Red7 $11 {[%emt 0:00:30] The position is equal.} 27. Rxd7+ Rxd7 28. Rxe4 {[%emt 0:00:00] KR-KR. White is a pawn up.} Rc7 29. Re5 Rc1+ 30. Kg2 Rd1 31. Rc5 Rxd4 32. Rc6 Rb4 33. Rxa6 Rxb2 34. Rb6 b4 35. a6 {[%emt 0:00:00] Weighted Error Value: White=0.09 (flawless) /Black=0.11 (very precise)   Mistake:       	White=1     	Black=1      Inaccurate:     	White=1     	---        OK:         	White=12    	Black=8      Best:        	White=2     	Black=4} 1/2-1/2

[Event "EICC 2025"]
[Site "Eforie-Nord"]
[Date "2025.03.16"]
[Round "2.14"]
[White "Psyk, Radoslaw"]
[Black "Grandelius, Nils"]
[Result "1/2-1/2"]
[Annotator "TA"]
[ECO "B22"]
[WhiteElo "2467"]
[BlackElo "2644"]
[PlyCount "141"]
[EventDate "2025.03.14"]
[EventType "swiss"]
[EventCountry "ROU"]
[SourceTitle "playchess.com"]
[Source "ChessBase"]
[SourceQuality "1"]
[TimeControl "40/5400+30:1800+30"]

1. e4 c5 2. c3 Nf6 3. e5 Nd5 4. Bc4 Nb6 5. Bb3 c4 6. Bc2 Nc6 7. Nf3 g6 8. d4 {[%emt 0:00:00] B22: Sicilian: 2 c3.} cxd3 9. Qxd3 d6 10. Qe2 $146 (10. Bb3 dxe5 11. Qxd8+ Nxd8 12. Nxe5 Bg7 13. Bf4 Be6 14. O-O g5 15. Bg3 f5 16. f4 Bxe5 17. fxe5 {0-1 Sengupta,D (2497)-Sammed Jaykumar,S (2408) Asian Continental op 19th 2022 (6)}) 10... Bg7 11. exd6 Qxd6 12. O-O O-O 13. Nbd2 Qc7 14. Ne4 Bg4 15. Neg5 ({White should try} 15. Bg5 $11) 15... h6 16. h3 Bf5 17. Ne4 (17. Bxf5 gxf5 18. Nh4 hxg5 $17) 17... Rad8 18. Re1 Nd5 19. Nh4 Bc8 20. a4 b6 21. Bb3 e6 22. g3 (22. Qf3 $15) 22... Ne5 23. f4 Nd7 24. Nf3 Bb7 25. Bd2 N5f6 26. Nxf6+ Nxf6 27. Be3 Nd5 28. Rad1 (28. Bxd5 $1 $15 Rxd5 (28... Bxd5 $2 29. Kh2 $19) 29. Bd4) 28... Qc6 $17 29. Kf2 {[%emt 0:01:40] [#]} (29. Rf1 $17 {might work better.}) 29... Nxe3 (29... Bxc3 $1 $19 {is more deadly.} 30. bxc3 Nxc3) 30. Qxe3 Rfe8 31. Rxd8 Rxd8 32. Rd1 Re8 33. Rd3 Bf8 34. Qe5 Bc5+ 35. Kg2 Ba6 {[%emt 0:02:24] This pair of bishops is nice.} 36. Rd1 Qa8 (36... Kh7 {looks sharper.} 37. h4 Kg8 38. h5 Bb7) 37. Bc2 Bb7 38. Qe2 a5 (38... Rd8 $15 {is more appropriate.}) 39. g4 (39. h4 $11 {keeps the balance.}) 39... Qb8 40. Be4 Qc7 (40... Bxe4 $15 41. Qxe4 Bd6) 41. Qb5 $11 Rb8 42. Rd7 Qc8 {[%emt 0:00:03] Black is weak on the light squares} 43. Bxb7 Rxb7 44. Ne5 {[%emt 0:01:38] Counterplay Black} Rc7 45. Kg3 {[%emt 0:03:47] Active counter play!} g5 46. f5 {[%emt 0:00:37] [#]} (46. fxg5 $11 {and White stays safe.} hxg5 47. Qd3) 46... exf5 $2 (46... Qb8 $1 $19 {And now ...Rxd7 would win.} 47. Kf3 Qb7+ (47... Rxd7 48. Nxd7 Qf4+ 49. Ke2 $15) 48. Ke2 (48. Kg3 $2 Qe4 $19) 48... Qe4+ 49. Kd1 Qxe5 50. Rd8+ Kh7) 47. gxf5 Qe8 48. Rd5 Qe7 49. Qd3 h5 50. Nf3 Qf6 (50... f6 $11) 51. Qd2 (51. Nd2 $1 $14 Qe7 52. Ne4) 51... Be7 $15 52. Qd4 {[%emt 0:01:42] Repels Rc4} Qxd4 53. Nxd4 {[%emt 0:00:02][%mdl 4096] Endgame KRB-KRN} (53. Rxd4 $15 Kg7 54. Nd2) 53... Rc4 $17 54. Rb5 Bc5 55. Nb3 Bd6+ ({Black should try} 55... Rxa4 $17 {...Bd6+ is in the air} 56. Nxc5 bxc5 57. Rxc5 Kg7) 56. Kg2 $11 Rxa4 57. Rxb6 Be5 58. Rb5 f6 59. Nxa5 Re4 60. Nc6 Bf4 61. Nd4 Re3 {[%emt 0:00:32] The position is equal.} 62. Ne6 Be5 63. Kf2 Rxh3 64. Nxg5 $1 fxg5 65. Rxe5 {[%emt 0:00:02] KR-KR. White is a pawn up.} Kf7 66. Kg2 Rd3 67. Re2 Kf6 68. c4 Rd4 69. Rc2 Rg4+ 70. Kf1 {[%emt 0:01:05] Black must now prevent c5.} Rf4+ 71. Kg2 {[%emt 0:00:09] White happily takes the draw.   Weighted Error Value: White=0.22 (precise) /Black=0.23 (precise)   Loses game:     	White=1     	---        Missed win:     	---       	Black=1      Mistake:       	White=7     	Black=5      Inaccurate:     	White=5     	Black=3      OK:         	White=31    	Black=24     Best:        	White=4     	Black=4      Strong:       	White=1     	---} 1/2-1/2

[Event "EICC 2025"]
[Site "Eforie-Nord"]
[Date "2025.03.16"]
[Round "2.14"]
[White "Davtyan, Arsen"]
[Black "Quparadze, Giga"]
[Result "0-1"]
[Annotator "ChessBase"]
[ECO "B48"]
[WhiteElo "2391"]
[BlackElo "2543"]
[PlyCount "112"]
[EventDate "2025.03.14"]
[EventType "swiss"]
[EventCountry "ROU"]
[SourceTitle "playchess.com"]
[Source "ChessBase"]
[SourceQuality "1"]
[TimeControl "40/5400+30:1800+30"]

1. e4 c5 2. Nf3 e6 3. d4 cxd4 4. Nxd4 Nc6 5. Nc3 Qc7 6. Be3 a6 7. Qf3 Nxd4 8. Bxd4 Ne7 9. Qg3 Qxg3 10. hxg3 b5 11. O-O-O Nc6 12. Be3 Bb7 13. f3 f6 14. g4 Be7 15. Be2 Ne5 16. Rh5 h6 17. Kb1 Bc6 18. a3 Rc8 19. g3 O-O 20. f4 Nf7 21. Bd3 Rfe8 22. Bd4 Bf8 23. Bb6 Rb8 24. Ba5 Bd6 25. Rh2 Bc5 26. Rh5 e5 27. Nd5 Bf2 28. Rh3 Bxd5 29. exd5 e4 30. Be2 e3 31. Be1 Nd6 32. c3 a5 33. Bd3 b4 34. axb4 axb4 35. c4 Ne4 36. Bxe4 Rxe4 37. b3 Ra8 38. Kc2 Ra2+ 39. Kb1 Ra3 40. Kc2 e2 41. Rc1 Bxe1 42. Rxe1 Re3 43. Kd2 Raxb3 44. Rxe2 Rbd3+ 45. Ke1 Rf3 46. Re8+ Kf7 47. Rb8 b3 48. g5 fxg5 49. fxg5 hxg5 50. Rhh8 Rxg3 51. Rhd8 Ke7 52. Rg8 Rg2 53. Rxg7+ Kd6 54. c5+ Kxc5 55. Rxd7 Rh3 56. Kf1 Ra2 0-1

[Event "EICC 2025"]
[Site "Eforie-Nord"]
[Date "2025.03.16"]
[Round "2.15"]
[White "Bluebaum, Matthias"]
[Black "Mosesov, Danyil"]
[Result "1-0"]
[Annotator "TA"]
[ECO "E43"]
[WhiteElo "2643"]
[BlackElo "2462"]
[PlyCount "111"]
[EventDate "2025.03.14"]
[EventType "swiss"]
[EventCountry "ROU"]
[SourceTitle "playchess.com"]
[Source "ChessBase"]
[SourceQuality "1"]
[TimeControl "40/5400+30:1800+30"]

1. d4 Nf6 2. c4 e6 3. Nc3 Bb4 4. Nf3 b6 5. e3 Bb7 6. Bd3 O-O 7. O-O c5 {[%emt 0:00:22] outshines the older 7...d5.} 8. Re1 {[%emt 0:00:25] E43: Nimzo-Indian: Rubinstein: 4...b6.} d5 9. cxd5 exd5 10. a3 {[%emt 0:01:13] The position is equal.} Bxc3 11. bxc3 Nc6 $146 ({Predecessor:} 11... c4 12. Bc2 Ne4 13. Bxe4 dxe4 14. Nd2 Bd5 15. a4 f5 16. Qe2 Qc7 17. a5 b5 {1-0 Amartuvshin,G (2394)-Song,Y (2308) Asian Continental op 18th 2019 (4)}) 12. dxc5 bxc5 13. c4 dxc4 14. Bxc4 Na5 15. Ba2 Bd5 16. Qa4 {[%emt 0:10:20] Bxd5 is in the air} Rb8 (16... Bc6 $11 {remains equal.} 17. Qf4 Rb8) 17. Bxd5 Nxd5 18. e4 Nc3 19. Qc2 Nb5 20. Bd2 (20. Qxc5 Nb3 21. Qe5 Re8 $19 (21... Nxa1 22. Qxa1 Rb6 23. Bb2 $15)) 20... Nd4 21. Nxd4 cxd4 22. Bb4 Re8 23. Qa4 $1 $36 {[%emt 0:01:19][%mdl 2048] White has good play.} Nc4 (23... Re5 $14) 24. Bc5 $1 $16 (24. Qxa7 d3 $17) 24... Nd2 25. Bxd4 (25. Qxa7 Qg5 (25... Nxe4 26. Bxd4 Ra8 27. Qb6 $16) 26. Red1 Nb3 (26... Nxe4 27. Bxd4 Rbd8 28. Qa4 $16) 27. Bxd4 Nxa1 28. Rxa1 Rbc8 $19) 25... Re6 ({Black should try} 25... Rc8) 26. Bc3 (26. Qxa7 $6 Ra8 27. Qb7 Rb8 $11) 26... Rc8 27. Bxd2 Qxd2 28. Rad1 (28. Qxa7 Rxe4 29. Red1 Qf4 $16) 28... Qf4 29. Qxa7 Rxe4 30. Qd7 Rf8 31. Rxe4 Qxe4 {[%emt 0:00:03][%mdl 4096] Endgame KQR-KQR. White is a pawn up.} 32. a4 h5 33. a5 Re8 (33... Qe2 $16 34. h3 Ra8) 34. h3 $18 (34. a6 $2 Qe1+ 35. Rxe1 Rxe1#) 34... Re6 35. a6 Rg6 $2 {[%emt 0:00:55] [#]} (35... Kh7 36. Qb5 (36. Qxf7 Rg6 $18) 36... Re5) 36. Qb7 $1 Qe2 37. Rd8+ Kh7 38. a7 {[%emt 0:00:02] Active counter play!} Qe1+ 39. Kh2 Qxf2 {[%emt 0:00:36] [#]} 40. Rh8+ $3 Kxh8 41. a8=Q+ (41. a8=B $2 {too greedy.} Qg3+ 42. Kg1 Re6 (42... Qxh3 $2 43. Qxf7 Qe3+ 44. Qf2 $19) 43. Qc8+ Kh7 $19) 41... Kh7 42. Qf3 {[%emt 0:00:37] Repels Qg3+} Qc5 43. Qxf7 Qe5+ 44. Kg1 Qe3+ 45. Qf2 Qxh3 46. Qd5 {[%emt 0:00:00] Inhibits Qd3.} Qg4 47. Qf8 {[%emt 0:00:00] Qfg8+ would kill now.} Re6 48. Qff5+ Qxf5 49. Qxf5+ {[%emt 0:00:00] KQ-KR} Rg6 50. Qxh5+ Rh6 51. Qf5+ Kg8 52. g4 {[%emt 0:00:00][%cal Bg2g4,Bg4g5][%mdl 32] aiming for g5.} Rf6 53. Qd5+ Kh7 54. Kg2 Rf8 55. Qe4+ Kg8 56. g5 {[%emt 0:00:00] Weighted Error Value: White=0.06 (flawless) /Black=0.51  Mistake:       	---       	Black=5      Inaccurate:     	White=2     	Black=4      OK:         	White=16    	Black=9      Best:        	---       	Black=3      Strong:       	White=3     	---} 1-0

[Event "EICC 2025"]
[Site "Eforie-Nord"]
[Date "2025.03.16"]
[Round "2.15"]
[White "Kanyamarala, Tarun"]
[Black "Can, Isik"]
[Result "0-1"]
[Annotator "ChessBase"]
[ECO "D94"]
[WhiteElo "2389"]
[BlackElo "2539"]
[PlyCount "88"]
[EventDate "2025.03.14"]
[EventType "swiss"]
[EventCountry "ROU"]
[SourceTitle "playchess.com"]
[Source "ChessBase"]
[SourceQuality "1"]
[TimeControl "40/5400+30:1800+30"]

1. d4 Nf6 2. c4 g6 3. Nc3 d5 4. Nf3 Bg7 5. e3 O-O 6. Bd2 b6 7. cxd5 Nxd5 8. Bc4 Bb7 9. O-O e6 10. Qe2 c5 11. Rfd1 Nd7 12. e4 Nxc3 13. bxc3 Nf6 14. Bd3 Qc7 15. a4 Rfd8 16. Bg5 Rdc8 17. Ra2 h6 18. Bd2 Rd8 19. a5 Rab8 20. axb6 axb6 21. Rb1 Bc6 22. Rab2 Nd7 23. Be3 Nf6 24. Nd2 b5 25. g3 c4 26. Bc2 e5 27. d5 Bd7 28. f3 Ra8 29. Rxb5 Bxb5 30. Rxb5 Nd7 31. Qxc4 Qd6 32. Qb3 Rdc8 33. Nc4 Ra1+ 34. Kg2 Qa6 35. Bd3 Bf8 36. Nb2 Ra3 37. Qd1 Raxc3 38. Bf2 Qa3 39. Be1 Rc1 40. Qe2 Nc5 41. Ra5 Qxb2 42. Qxb2 Nxd3 43. Qb7 Nxe1+ 44. Kh3 Nxf3 0-1

[Event "EICC 2025"]
[Site "Eforie-Nord"]
[Date "2025.03.16"]
[Round "2.16"]
[White "Horvath, Dominik"]
[Black "Papasimakopoulos, Alexandros"]
[Result "1-0"]
[Annotator "ChessBase"]
[ECO "E11"]
[WhiteElo "2538"]
[BlackElo "2387"]
[PlyCount "65"]
[EventDate "2025.03.14"]
[EventType "swiss"]
[EventCountry "ROU"]
[SourceTitle "playchess.com"]
[Source "ChessBase"]
[SourceQuality "1"]
[TimeControl "40/5400+30:1800+30"]

1. d4 d5 2. c4 e6 3. Nf3 Nf6 4. g3 Bb4+ 5. Bd2 Be7 6. Bg2 O-O 7. Qc2 Ne4 8. Bf4 c6 9. h4 f5 10. Nc3 a5 11. O-O Nd7 12. Nxe4 fxe4 13. Ng5 Rf6 14. f3 h6 15. Nh3 exf3 16. Rxf3 Qb6 17. c5 Qb4 18. Rd1 a4 19. a3 Qa5 20. Nf2 b6 21. Ng4 bxc5 22. Nxf6+ Bxf6 23. Bh3 Nf8 24. Bd6 cxd4 25. Bxf8 Kxf8 26. Qxc6 Qa6 27. Qc7 Ke8 28. e3 dxe3 29. Rxe3 Kf8 30. Rde1 e5 31. Qc5+ Be7 32. Rf3+ Ke8 33. Rxe5 1-0